 Dungeon Crawl Stone Soup version 0.18-a0-1468-gaf180a1 (webtiles) character file.

93 Bubs the Charmwright (level 4, -1/35 HPs)
             Began as a Merfolk Skald on Mar 1, 2016.
             Slain by a centaur zombie (2 damage)
             ... on level 3 of the Dungeon.
             The game lasted 00:06:11 (2404 turns).

Bubs the Charmwright (Merfolk Skald)                Turns: 2404, Time: 00:06:11

Health: -1/35      AC:  5    Str: 12    XL:     4   Next: 62%
Magic:  7/7        EV: 11    Int: 12    God:
Gold:   150        SH:  0    Dex: 13    Spells: 2 memorised, 4 levels left

rFire  . . .     SeeInvis .     a - +0 spear
rCold  . . .     Gourm    .     q - +0 ring mail
rNeg   . . .     Faith    .     (no shield)
rPois  +         Spirit   .     (no helmet)
rElec  .         Dismiss  .     (no cloak)
rCorr  .         Reflect  .     (no gloves)
SustAt .         Harm     .     (no boots)
MR     .....                    (no amulet)
Stlth  +.........               (no ring)
                                o - ring of poison resistance

@: not resistant to hostile enchantments, very unstealthy
A: change form in water, swift swim
a: no special abilities


You were on level 3 of the Dungeon.
You were not hungry.

You visited 1 branch of the dungeon, and saw 3 of its levels.

You collected 150 gold pieces.

Inventory:

Hand Weapons
 a - a +0 spear (weapon)
Armour
 q - a +0 ring mail (worn)
Jewellery
 o - a ring of poison resistance (left hand)
Scrolls
 b - a scroll of recharging {unknown}
 e - 2 scrolls of remove curse
 k - a scroll of magic mapping
 l - 2 scrolls of teleportation
 m - a scroll of noise
 p - a scroll of fear {unknown}
Potions
 g - 2 potions of heal wounds
 h - a potion of berserk rage {unknown}
 i - a potion of curing {unknown}
 j - 2 potions of ambrosia
 n - 2 potions of flight
 r - a potion of agility {unknown}
Books
 c - a book of Battle

   Spells                             Type                      Level
   a - Infusion                       Charms                       1
   b - Shroud of Golubria             Charms/Translocation         2
   c - Song of Slaying                Charms                       2
   d - Spectral Weapon                Hexes/Charms                 3
   e - Regeneration                   Charms/Necromancy            3
Comestibles
 d - 3 bread rations
 f - 2 slices of pizza


   Skills:
 + Level 3.0 Fighting
 + Level 3.8 Polearms
 + Level 1.2 Armour
 + Level 2.8 Dodging
 + Level 0.2 Stealth
 + Level 2.1 Spellcasting
 + Level 3.8 Charms
 + Level 0.1 Translocations


You had 4 spell levels left.
You knew the following spells:

 Your Spells              Type           Power        Failure   Level  Hunger
a - Infusion              Chrm           ##..         14%         1    ##.....
b - Shroud of Golubria    Chrm/Tloc      #.........   38%         2    ###....


Dungeon Overview and Level Annotations

Branches:
Dungeon (3/15)

Altars:
Dithmenos


Message History

You hit the centaur zombie but do no damage.
The centaur zombie hits you but does no damage.
You hit the centaur zombie. The centaur zombie hits you.
You hit the centaur zombie. The centaur zombie barely misses you.
The centaur zombie closely misses you.
You hit the centaur zombie. The centaur zombie closely misses you.
You hit the centaur zombie. The centaur zombie hits you!
* * * LOW HITPOINT WARNING * * *
You hit the centaur zombie. The centaur zombie misses you.
You hit the centaur zombie but do no damage.
The centaur zombie hits you.
* * * LOW HITPOINT WARNING * * *
You hit the centaur zombie.
The centaur zombie hits you but does no damage.
You hit the centaur zombie. The centaur zombie misses you.
The centaur zombie hits you.
* * * LOW HITPOINT WARNING * * *
You hit the centaur zombie but do no damage.
The centaur zombie hits you.
You die...

#.# .. ##..# ###'###
... #... #......
....##... #......
....#.... #......
........# #......
#.....# #......
#.....##########.(....
+...Z@'.......)#......
#.....######.......###
####### #.#.#####
#.#.# #.#.# #.#.#
#.#.# #.#.# #.#..


You could see a centaur zombie.

Vanquished Creatures
  3 adders (D:2)
  2 oozes
  2 dart slugs (D:1)
  4 giant geckos
  A ball python (D:3)
  5 giant cockroaches
  A goblin (D:2)
  7 hobgoblins
  A jackal (D:1)
  A quokka (D:3)
  4 bats
  5 giant newts
  10 kobolds
  5 rats
51 creatures vanquished.

Notes
Turn   | Place    | Note
--------------------------------------------------------------
     0 | D:1      | Bubs the Merfolk Skald began the quest for the Orb.
     0 | D:1      | Reached XP level 1. HP: 16/16 MP: 3/3
   461 | D:1      | Reached XP level 2. HP: 17/23 MP: 5/5
   465 | D:1      | Learned a level 2 spell: Shroud of Golubria
   916 | D:1      | Reached XP level 3. HP: 21/28 MP: 6/6
  1218 | D:2      | Reached skill level 1 in Armour
  1555 | D:2      | Reached XP level 4. HP: 31/34 MP: 7/7
  1579 | D:2      | Found a shadowy altar of Dithmenos.
  2403 | D:3      | HP: 1/35 [centaur zombie (5)]
  2404 | D:3      | Slain by a centaur zombie

Vault maps used:
D:1:      lemuel_arrival_cross, hangedman_abyss_or_decor_lesser_grid,
          st_stairs_4, grunt_decor_one_mirror, wad_floor_pattern_untrapped
D:2:      first_bread, kennysheep_small_spiral,
          grunt_dithmenos_smoke_and_mirrors
D:3:      minmay_misc_feat_iff, uniq_terence

Skill      XL: |  1  2  3  4 |
---------------+-------------+-----
Dodging        | 2 |  2.8
Armour         | 1 |  1.2
Fighting       | 3 |  3.0
Polearms       | |  3.8
Stealth        | |  0.2
Spellcasting   | |  2.1
Charms         | |  3.8
Translocations | |  0.1

Action                   |  1- 3 |  4- 6 || total
-------------------------+-------+-------++-------
Melee: Spear             |   156 |    87 ||   243
 Cast: Shroud of Golubri |     3 |       ||     3
  Use: Scroll            |       |     7 ||     7
 Stab: Sleeping          |     1 |       ||     1
  Eat: Chunk             |     2 |     3 ||     5
